SAA
DURHAM RAPIERS @ HELENA GRIZZLIES
08/07/2021
 
TOP OF THE 1ST
Durham Rapiers batting - Pitching for Helena Grizzlies : RHP Teddy Jones
Pitching: RHP Teddy Jones
Batting: RHB Esteban Garza 0-0: Ball
1-0: Foul Ball, location: 2F
1-1: Foul Ball, location: 2F
1-2: Foul Ball, location: 2F
1-2: Fly out, F7 (Line Drive, 7LS)
Batting: RHB Harrison Blackford 0-0: Called Strike
0-1: Swinging Strike
0-2: Foul Ball, location: 2F
0-2: Strikes out swinging
Batting: RHB Luis Tapia 0-0: Swinging Strike
0-1: Ball
1-1: Ground out 6-3 (Groundball, 5S)
Top of the 1st over - 0 run(s), 0 hit(s), 0 error(s), 0 left on base; Durham 0 - Helena 0
BOTTOM OF THE 1ST
Helena Grizzlies batting - Pitching for Durham Rapiers : RHP Michael Logan
Pitching: RHP Michael Logan
Batting: RHB Hank Kenney 0-0: Called Strike
0-1: Ball
1-1: Called Strike
1-2: SINGLE (Line Drive, 6MD)
Batting: RHB David Ramírez 0-0: Called Strike
0-1: Ball
1-1: SINGLE (Groundball, 6S) (infield hit)
Hank Kenney to second
Batting: RHB Jorge Díaz 0-0: Called Strike
0-1: Fly out, F6 (Popup, 6D)
Batting: LHB Rufo Flores 0-0: Ball
1-0: Grounds into double play, 4-6-3 (Groundball, 34)
Bottom of the 1st over - 0 run(s), 2 hit(s), 0 error(s), 1 left on base; Durham 0 - Helena 0
TOP OF THE 2ND
Durham Rapiers batting - Pitching for Helena Grizzlies : RHP Teddy Jones
Batting: SHB Dan Godwin 0-0: Swinging Strike
0-1: Swinging Strike
0-2: Ground out 4-3 (Groundball, 4)
Batting: RHB Caleb Lee 0-0: Ball
1-0: Ball
2-0: Ball
3-0: Called Strike
3-1: Ground out 4-3 (Groundball, 4MS)
Batting: LHB Adrián Franco 0-0: Foul Ball, location: 2F
0-1: Ball
1-1: Called Strike
1-2: Foul Ball, location: 2F
1-2: Ball
2-2: Ball
3-2: Base on Balls
Batting: RHB Augusto Flores 0-0: Called Strike
0-1: Ground out 6-3 (Groundball, 6)
Top of the 2nd over - 0 run(s), 0 hit(s), 0 error(s), 1 left on base; Durham 0 - Helena 0
BOTTOM OF THE 2ND
Helena Grizzlies batting - Pitching for Durham Rapiers : RHP Michael Logan
Batting: RHB Joe Chase 0-0: Called Strike
0-1: Ball
1-1: Ball
2-1: Foul Ball, location: 2F
2-2: Foul Ball, location: 2F
2-2: Ball
3-2: Foul Ball, location: 2F
3-2: Foul Ball, location: 2F
3-2: Ground out 5-3 (Groundball, 56)
Batting: RHB Octávio Zúñiga 0-0: Swinging Strike
0-1: Ball
1-1: Foul Ball, location: 2F
1-2: Ground out 1-3 (Groundball, 13S)
Batting: RHB Curt Pope 0-0: Ball
1-0: Fly out, F9 (Flyball, 9M)
Bottom of the 2nd over - 0 run(s), 0 hit(s), 0 error(s), 0 left on base; Durham 0 - Helena 0
TOP OF THE 3RD
Durham Rapiers batting - Pitching for Helena Grizzlies : RHP Teddy Jones
Batting: SHB Orlando López 0-0: Called Strike
0-1: Foul Ball, location: 2F
0-2: Ball
1-2: SINGLE (Groundball, 4M) (infield hit)
Batting: RHB Kevin Sanderson 0-0: Ball
1-0: Called Strike
1-1: Fielders Choice at 2nd, 3-6 (Groundball, 3)
Batting: RHB Esteban Garza 0-0: SINGLE (Groundball, 56D)
Kevin Sanderson to second
Batting: RHB Harrison Blackford 0-0: Called Strike
0-1: Ball
1-1: Swinging Strike
1-2: Ball
2-2: Fielders Choice at 3rd, U5 (Groundball, 5L)
Esteban Garza to second
Batting: RHB Luis Tapia 0-0: Ball
1-0: Fielders Choice at 2nd, 6-4 (Groundball, 6S)
Top of the 3rd over - 0 run(s), 2 hit(s), 0 error(s), 1 left on base; Durham 0 - Helena 0
BOTTOM OF THE 3RD
Helena Grizzlies batting - Pitching for Durham Rapiers : RHP Michael Logan
Batting: SHB Bruce Hunt 0-0: Swinging Strike
0-1: Foul Ball, location: 2F
0-2: Ball
1-2: Ball
2-2: Strikes out swinging
Batting: RHB Matt Williams 0-0: Ball
1-0: SINGLE (Line Drive, 4D)
Batting: RHB Hank Kenney 0-0: Called Strike
0-1: SINGLE (Groundball, 56D)
Matt Williams to second
Batting: RHB David Ramírez 0-0: Called Strike
0-1: Ball
1-1: Foul Ball, location: 2F
1-2: Ball
2-2: Fly out, F9 (Flyball, 89S)
Batting: RHB Jorge Díaz 0-0: Foul Ball, location: 2F
0-1: Ball
1-1: SINGLE (Line Drive, 6MD)
Matt Williams to third
Hank Kenney to second
Runner from 3rd tries for Home, SAFE, throw made home
Hank Kenney to third
Jorge Díaz to second
Batting: LHB Rufo Flores 0-0: Ball
1-0: Called Strike
1-1: Swinging Strike
1-2: Ball
2-2: Strikes out swinging
Bottom of the 3rd over - 1 run(s), 3 hit(s), 0 error(s), 2 left on base; Durham 0 - Helena 1
TOP OF THE 4TH
Durham Rapiers batting - Pitching for Helena Grizzlies : RHP Teddy Jones
Batting: SHB Dan Godwin 0-0: Called Strike
0-1: Ball
1-1: Ball
2-1: Ground out U3 (Groundball, 3S)
Batting: RHB Caleb Lee 0-0: Ball
1-0: Swinging Strike
1-1: Ball
2-1: Foul Ball, location: 2F
2-2: Strikes out swinging
Batting: LHB Adrián Franco 0-0: Ball
1-0: Ball
2-0: Ball
3-0: Base on Balls
Batting: RHB Augusto Flores 0-0: Foul Ball, location: 2F
0-1: SINGLE (Groundball, 6MD)
Adrián Franco to second
Batting: SHB Orlando López 0-0: SINGLE (Line Drive, 4MD)
Adrián Franco to third
Augusto Flores to second
Runner from 3rd tries for Home, SAFE, no throw or cutoff
Batting: RHB Kevin Sanderson 0-0: Ball
1-0: SINGLE (Groundball, 23) (infield hit)
Augusto Flores to third
Orlando López to second
Batting: RHB Esteban Garza 0-0: Ball
1-0: Ball
2-0: Called Strike
2-1: Ball
3-1: Fielders Choice at 2nd, U6 (Groundball, 6M)
Top of the 4th over - 1 run(s), 3 hit(s), 0 error(s), 3 left on base; Durham 1 - Helena 1
BOTTOM OF THE 4TH
Helena Grizzlies batting - Pitching for Durham Rapiers : RHP Michael Logan
Batting: RHB Joe Chase 0-0: Called Strike
0-1: Ball
1-1: SINGLE (Groundball, 6M)
Batting: RHB Octávio Zúñiga 0-0: Called Strike
0-1: Ball
1-1: Called Strike
1-2: Strikes out looking
Batting: RHB Curt Pope 0-0: Ball
1-0: Ball
2-0: Ball
3-0: Base on Balls
Joe Chase to second
Batting: SHB Bruce Hunt 0-0: Called Strike
0-1: Swinging Strike
0-2: Ball
1-2: Foul Ball, location: 2F
1-2: SINGLE (Line Drive, 6M)
Joe Chase to third
Curt Pope to second
Runner from 3rd tries for Home, SAFE, throw made home
Curt Pope to third
Bruce Hunt to second
Batting: RHB Matt Williams 0-0: Called Strike
0-1: Swinging Strike
0-2: Strikes out swinging
Batting: RHB Hank Kenney 0-0: Swinging Strike
0-1: Foul Ball, location: 2F
0-2: Ball
1-2: Ball
2-2: Strikes out looking
Bottom of the 4th over - 1 run(s), 2 hit(s), 0 error(s), 2 left on base; Durham 1 - Helena 2
TOP OF THE 5TH
Durham Rapiers batting - Pitching for Helena Grizzlies : RHP Teddy Jones
Batting: RHB Harrison Blackford 0-0: Ball
1-0: Called Strike
1-1: Swinging Strike
1-2: Ground out 6-3 (Groundball, 6)
Batting: RHB Luis Tapia 0-0: Ball
1-0: Ball
2-0: Ground out 6-3 (Groundball, 6)
Batting: SHB Dan Godwin 0-0: Foul Ball, location: 2F
0-1: Swinging Strike
0-2: Ball
1-2: Foul Ball, location: 2F
1-2: Strikes out looking
Top of the 5th over - 0 run(s), 0 hit(s), 0 error(s), 0 left on base; Durham 1 - Helena 2
BOTTOM OF THE 5TH
Helena Grizzlies batting - Pitching for Durham Rapiers : RHP Michael Logan
Batting: RHB David Ramírez 0-0: Ball
1-0: Ball
2-0: Called Strike
2-1: Ball
3-1: Foul Ball, location: 2F
3-2: Base on Balls
Batting: RHB Jorge Díaz 0-0: Swinging Strike
0-1: Swinging Strike
0-2: Ball
1-2: Strikes out swinging
Batting: LHB Rufo Flores 0-0: Ball
1-0: SINGLE (Line Drive, 6D)
David Ramírez to second
Batting: RHB Joe Chase 0-0: Called Strike
0-1: Called Strike
0-2: Foul Ball, location: 2F
0-2: Strikes out swinging
Batting: RHB Octávio Zúñiga 0-0: Ball
1-0: Foul Ball, location: 2F
1-1: Fly out, F7 (Flyball, 78D)
Bottom of the 5th over - 0 run(s), 1 hit(s), 0 error(s), 2 left on base; Durham 1 - Helena 2
TOP OF THE 6TH
Durham Rapiers batting - Pitching for Helena Grizzlies : RHP Teddy Jones
Batting: RHB Caleb Lee 0-0: Ball
1-0: Ball
2-0: Called Strike
2-1: Ball
3-1: Swinging Strike
3-2: Strikes out looking
Batting: LHB Adrián Franco 0-0: Fly out, F8 (Flyball, 8RM)
Batting: RHB Augusto Flores 0-0: Called Strike
0-1: Ground out 5-3 (Groundball, 56)
Top of the 6th over - 0 run(s), 0 hit(s), 0 error(s), 0 left on base; Durham 1 - Helena 2
BOTTOM OF THE 6TH
Helena Grizzlies batting - Pitching for Durham Rapiers : RHP Michael Logan
Batting: RHB Curt Pope 0-0: Foul Ball, location: 2F
0-1: Called Strike
0-2: Ball
1-2: Ground out 6-3 (Groundball, 6S)
Batting: SHB Bruce Hunt 0-0: Called Strike
0-1: Ball
1-1: Called Strike
1-2: Strikes out swinging
Batting: RHB Matt Williams 0-0: Called Strike
0-1: Fly out, F9 (Flyball, 9LM)
Bottom of the 6th over - 0 run(s), 0 hit(s), 0 error(s), 0 left on base; Durham 1 - Helena 2
TOP OF THE 7TH
Durham Rapiers batting - Pitching for Helena Grizzlies : RHP Teddy Jones
Batting: SHB Orlando López 0-0: Ball
1-0: Ball
2-0: Foul Ball, location: 2F
2-1: Ground out 3-1 (Groundball, 34)
Batting: RHB Kevin Sanderson 0-0: Ball
1-0: Ball
2-0: Ball
3-0: Base on Balls
Pinch Hitting: LHB Mayer Röhricht 0-0: Ball
1-0: Ball
2-0: Ball
3-0: Base on Balls
Kevin Sanderson to second
Pitching: RHP Woody Pratt
Pinch Hitting: RHB Ignacio Rodríguez 0-0: Grounds into double play, 6-4-3 (Groundball, 6)
Top of the 7th over - 0 run(s), 0 hit(s), 0 error(s), 1 left on base; Durham 1 - Helena 2
BOTTOM OF THE 7TH
Helena Grizzlies batting - Pitching for Durham Rapiers : RHP Michael Logan
Now at 2B: Ron Humboldt
Now in RF: Mayer Röhricht
Batting: RHB Hank Kenney 0-0: Called Strike
0-1: Ground out 4-3 (Groundball, 4)
Batting: RHB David Ramírez 0-0: Foul Ball, location: 2F
0-1: Ball
1-1: Swinging Strike
1-2: Ball
2-2: Fly out, F8 (Flyball, 8RM)
Batting: RHB Jorge Díaz 0-0: Foul Ball, location: 2F
0-1: Called Strike
0-2: Ground out 6-3 (Groundball, 6)
Bottom of the 7th over - 0 run(s), 0 hit(s), 0 error(s), 0 left on base; Durham 1 - Helena 2
TOP OF THE 8TH
Durham Rapiers batting - Pitching for Helena Grizzlies : RHP Woody Pratt
Batting: RHB Luis Tapia 0-0: Called Strike
0-1: Ball
1-1: Ball
2-1: Foul Ball, location: 2F
2-2: Fly out, F7 (Line Drive, 78S)
Batting: SHB Dan Godwin 0-0: Called Strike
0-1: SINGLE (Groundball, 4MD)
Batting: RHB Caleb Lee 0-0: Grounds into double play, 6-4-3 (Groundball, 6)
Top of the 8th over - 0 run(s), 1 hit(s), 0 error(s), 0 left on base; Durham 1 - Helena 2
BOTTOM OF THE 8TH
Helena Grizzlies batting - Pitching for Durham Rapiers : RHP Michael Logan
Batting: LHB Rufo Flores 0-0: Called Strike
0-1: Ball
1-1: Foul Ball, location: 2F
1-2: Foul Ball, location: 2F
1-2: Foul Ball, location: 2F
1-2: Ball
2-2: Reached on error, E6 (Groundball, 6)
Pitching: LHP Ricardo Ávila
Batting: RHB Joe Chase 0-0: Swinging Strike
0-1: Ball
1-1: Ball
2-1: Foul Ball, location: 2F
2-2: Strikes out swinging
Batting: RHB Octávio Zúñiga 0-0: Swinging Strike
0-1: Foul Ball, location: 2F
0-2: Ball
1-2: Ball
2-2: Fly out, F4 (Popup, 4)
Batting: RHB Curt Pope 0-0: Ball
1-0: Fly out, F9 (Flyball, 89M)
Bottom of the 8th over - 0 run(s), 0 hit(s), 1 error(s), 1 left on base; Durham 1 - Helena 2
TOP OF THE 9TH
Durham Rapiers batting - Pitching for Helena Grizzlies : RHP Woody Pratt
Pitching: LHP Ronaldo Rey
Pinch Hitting: RHB Dewitt Mercer 0-0: Called Strike
0-1: Ball
1-1: Foul Ball, location: 2F
1-2: Ball
2-2: Foul Ball, location: 2F
2-2: Strikes out looking
Batting: RHB Augusto Flores 0-0: Called Strike
0-1: Called Strike
0-2: Hit by Pitch
Pinch Runner at 1st Barton McCann:
Batting: SHB Orlando López 0-0: Called Strike
0-1: Called Strike
0-2: Ball
1-2: Strikes out swinging
Batting: RHB Kevin Sanderson 0-0: Ball
1-0: Called Strike
1-1: Called Strike
1-2: Ball
2-2: Strikes out swinging
Top of the 9th over - 0 run(s), 0 hit(s), 0 error(s), 1 left on base; Durham 1 - Helena 2
This league is powered by Out of the Park Baseball, the baseball management simulation game for PC, Mac and Linux
Friday, January 22nd, 2016 - OOTP Baseball 16.9 Build 39